 Dungeon Crawl Stone Soup version 0.24.0-35-gdb84b6a5db (webtiles) character file.

Game seed: 1732185846711237328, levelgen mode: deterministic

39 Iamsoldier the Ruffian (level 3, -5/29 HPs)
             Began as a Draconian Transmuter on Nov 19, 2019.
             Slain by an iguana (7 damage)
             ... on level 2 of the Dungeon.
             The game lasted 00:03:07 (1374 turns).

Iamsoldier the Ruffian (Draconian Transmuter)       Turns: 1374, Time: 00:03:08

Health: -5/29      AC:  5    Str: 12    XL:     3   Next: 26%
Magic:  5/6        EV: 12    Int: 14    God:
Gold:   68         SH:  0    Dex: 11    Spells: 0/6 levels left

rFire    . . .     SeeInvis .     - Unarmed
rCold    . . .     Gourm    .   (no shield)
rNeg     . . .     Faith    .   (armour unavailable)
rPois    .         Spirit   .   (helmet restricted)
rElec    .         Reflect  .   (no cloak)
rCorr    .         Harm     .   (no gloves)
MR       .....                  (no boots)
Stlth    +.........             (no amulet)
HPRegen  0.09/turn              (no ring)
MPRegen  0.10/turn              (no ring)

@: appendage (expiring)
A: unfitting armour, horns 2, cold-blooded, AC +5
a: End Transformation


You were on level 2 of the Dungeon.
You were not hungry.
You had grown temporary horns.
You visited 1 branch of the dungeon, and saw 2 of its levels.

You collected 68 gold pieces.

Inventory:

Missiles
 a - 12 arrows
 b - 3 silver boomerangs (quivered)
Scrolls
 d - a scroll of blinking {unknown}
 e - 4 scrolls of remove curse {unknown}
 g - a scroll of identify {unknown}
 l - a scroll of immolation {unknown}
 m - 3 scrolls of teleportation {unknown}
Potions
 f - a potion of mutation {unknown}
 h - a potion of flight {unknown}
 i - a potion of agility {unknown}
 j - a potion of haste {unknown}
Comestibles
 c - 5 rations


   Skills:
 + Level 1.9 Fighting
 + Level 2.1 Dodging
 + Level 3.3 Unarmed Combat
 + Level 2.3 Spellcasting
 + Level 2.4 Transmutations
 * Level 0.0 Poison Magic


You couldn't memorise any spells.
You knew the following spells:

 Your Spells              Type           Power        Failure   Level  Hunger
a - Beastly Appendage     Tmut           #.....       9%          1    #......
b - Spider Form           Tmut/Pois      #.........   38%         3    ###....
c - Sticks to Snakes      Tmut           #.......     13%         2    ###....

Your spell library contained the following spells:

 Spells                   Type           Power        Failure   Level  Hunger
 Ice Form                 Ice/Tmut       #.......     80%         4    #####..
 Blade Hands              Tmut           #.........   93%         5    ######.


Dungeon Overview and Level Annotations

Branches:
Dungeon (2/15)

Altars:


Innate Abilities, Weirdness & Mutations

Your plain brown scales are hard. (AC +5)
You cannot fit into any form of body armour.
You are cold-blooded and may be slowed by cold attacks.
You have a pair of horns on your head.


Message History

You closely miss the iguana.
The iguana is heavily wounded.
You barely miss the iguana.
Your tail-slap misses the iguana.
The iguana is heavily wounded.
Your transformation is almost over.
The iguana bites you but does no damage.
You barely miss the iguana. You tail-slap the iguana.
The iguana is heavily wounded.
The iguana closely misses you.
You closely miss the iguana. Your headbutt misses the iguana.
You tail-slap the iguana, but do no damage.
The iguana is heavily wounded.
The iguana bites you but does no damage.
You hit the iguana.
The iguana is severely wounded.
The iguana misses you.
You hit the iguana but do no damage.
The iguana is severely wounded.
The iguana bites you!
You die...

#######.# #.#
........###.#
########..<.# #
#.#### .# #.###
###.#######...#
#.. #....####.#
#l# #.##.####.#
#@###.##......#
#...#...####..#
###.###.#..#..#
#.....#.....#
#######.....#
#######


You could see an iguana.

Vanquished Creatures
  An adder (D:2)
  An ooze (D:2)
  A dart slug (D:1)
  2 giant cockroaches (D:1)
  2 goblins
  3 hobgoblins
  A jackal (D:1)
  6 bats
  2 frilled lizards
  A kobold (D:1)
  5 rats
25 creatures vanquished.

Notes
Turn   | Place    | Note
-------+----------+-------------------------------------------
     0 | D:1      | Iamsoldier the Draconian Transmuter began the quest for the
                  | Orb.
     0 | D:1      | Reached XP level 1. HP: 16/16 MP: 3/3
   194 | D:1      | Reached XP level 2. HP: 16/23 MP: 5/5
  1095 | D:2      | Reached XP level 3. HP: 26/29 MP: 4/6
  1132 | D:2      | Learned a level 3 spell: Spider Form
  1135 | D:2      | Learned a level 2 spell: Sticks to Snakes
  1368 | D:2      | HP: 1/29 [iguana (1)]
  1374 | D:2      | Slain by an iguana

Levels and vault maps discovered:
D:1:      dpeg_arrival_rooms_with_view, layout_loops_ring, st_stairs_13,
          moated_statue
D:2:      layout_basic, chequers_arboretum

Skill      XL: |  1  2 |
---------------+-------+-----
Dodging        | 2 |  2.1
Fighting       | |  1.9
Unarmed Combat | |  3.3
Spellcasting   | |  2.3
Transmutations | |  2.4

Action                   || total
-------------------------++-------
Melee: Unarmed           ||    95
       Kick              ||     5
       Tailslap          ||    11
       Punch             ||     1
       Headbutt          ||     4
 Cast: Beastly Appendage ||    13
  Eat: Chunk             ||     2
Armor: Skin              ||    38
Dodge: Dodged            ||    58
